[Event "FICS rated standard game"]
[Site "FICS freechess.org"]
[FICSGamesDBGameNo "20001629"]
[White "Capablanco"]
[Black "Rowland"]
[WhiteElo "1666"]
[BlackElo "1491"]
[WhiteRD "na"]
[BlackRD "na"]
[TimeControl "900+10"]
[Date "1999.09.05"]
[Time "04:00:00"]
[WhiteClock "0:15:00.000"]
[BlackClock "0:15:00.000"]
[ECO "B56"]
[PlyCount "51"]
[Result "1-0"]

1. e4 c5 2. Nf3 Nc6 3. d4 cxd4 4. Nxd4 Nf6 5. Nc3 d6 6. h3 e6 7. Bg5 Be7 8. Bb5 O-O 9. Nxc6 bxc6 10. Bxc6 Rb8 11. Rb1 Ba6 12. Ba4 Qc7 13. Bb3 h6 14. Bxf6 Bxf6 15. Ne2 Rfc8 16. O-O Bc4 17. c3 Qc5 18. Bxc4 Qxc4 19. b3 Qxe4 20. c4 Rc5 21. Ng3 Qf4 22. Nh5 Qe5 23. Nxf6+ gxf6 24. Re1 Qg5 25. Qxd6 f5 26. Qxb8+ {Black resigns} 1-0

[Event "FICS rated lightning game"]
[Site "FICS freechess.org"]
[FICSGamesDBGameNo "20001628"]
[White "minou"]
[Black "opy"]
[WhiteElo "1529"]
[BlackElo "1581"]
[WhiteRD "na"]
[BlackRD "na"]
[TimeControl "120+0"]
[Date "1999.09.05"]
[Time "03:05:00"]
[WhiteClock "0:02:00.000"]
[BlackClock "0:02:00.000"]
[ECO "B70"]
[PlyCount "138"]
[Result "0-1"]

1. e4 c5 2. Nf3 d6 3. d4 cxd4 4. Nxd4 Nf6 5. Nc3 g6 6. Bf4 Bg7 7. e5 dxe5 8. Bxe5 O-O 9. Bc4 Nc6 10. Nxc6 Qxd1+ 11. Rxd1 bxc6 12. O-O Ng4 13. Bxg7 Kxg7 14. Rfe1 e6 15. Ne4 Ne5 16. Bb3 Ba6 17. Nd6 Rfd8 18. c4 Ng4 19. c5 Nf6 20. Bc2 Nd5 21. b4 Rab8 22. a3 Bb5 23. f4 Ra8 24. g3 a5 25. Bb3 axb4 26. axb4 Nxb4 27. Nxb5 cxb5 28. Rxd8 Rxd8 29. Rc1 Rc8 30. c6 Rxc6 31. Rxc6 Nxc6 32. Kf2 Nd4 33. Ke3 Nxb3 34. Kd3 Nc5+ 35. Kc3 Ne4+ 36. Kd3 Nf2+ 37. Kc2 Ng4 38. h3 Ne3+ 39. Kd3 Nf1 40. g4 b4 41. Kc4 Ne3+ 42. Kb3 Ng2 43. Kxb4 Nxf4 44. Kc3 Nxh3 45. Kd4 Ng5 46. Ke5 f6+ 47. Kf4 e5+ 48. Ke3 h5 49. gxh5 gxh5 50. Kf2 Kg6 51. Kg3 Kf5 52. Kf2 e4 53. Ke3 h4 54. Kf2 Kg4 55. Kg2 h3+ 56. Kh2 e3 57. Kg1 e2 58. Kf2 h2 59. Kxe2 h1=Q 60. Kd3 Qe4+ 61. Kc3 f5 62. Kd2 f4 63. Kc3 f3 64. Kb3 f2 65. Kc3 f1=Q 66. Kd2 Qfd3+ 67. Kc1 Qec4+ 68. Kb2 Qdb3+ 69. Ka1 Qca4# {White checkmated} 0-1

[Event "FICS rated blitz game"]
[Site "FICS freechess.org"]
[FICSGamesDBGameNo "20001627"]
[White "pkch"]
[Black "Sander"]
[WhiteElo "1560"]
[BlackElo "1481"]
[WhiteRD "na"]
[BlackRD "na"]
[TimeControl "300+0"]
[Date "1999.09.05"]
[Time "01:22:00"]
[WhiteClock "0:05:00.000"]
[BlackClock "0:05:00.000"]
[ECO "D00"]
[PlyCount "61"]
[Result "1-0"]

1. d4 d5 2. g3 e6 3. Bg2 Bd6 4. Nc3 f5 5. e3 Nd7 6. Nge2 c6 7. Bd2 Ngf6 8. O-O Ne4 9. Nxe4 fxe4 10. Nf4 O-O 11. Nxe6 Qf6 12. Nxf8 Nxf8 13. f4 Ng6 14. Qe2 h5 15. c4 Bg4 16. Qe1 Kf7 17. cxd5 cxd5 18. Bb4 Rh8 19. Bxd6 Qxd6 20. Qa5 a6 21. Rac1 h4 22. Qc7+ Qxc7 23. Rxc7+ Ne7 24. Rxb7 Be2 25. Rc1 h3 26. Bf1 Bf3 27. Rcc7 Re8 28. Bxh3 Kf6 29. Kf2 Nf5 30. Rf7+ Kg6 31. Bxf5+ {Black resigns} 1-0

[Event "FICS rated lightning game"]
[Site "FICS freechess.org"]
[FICSGamesDBGameNo "20001625"]
[White "Chernee"]
[Black "Stoboy"]
[WhiteElo "2343"]
[BlackElo "1965"]
[WhiteRD "na"]
[BlackRD "na"]
[TimeControl "60+0"]
[Date "1999.09.04"]
[Time "23:59:00"]
[WhiteClock "0:01:00.000"]
[BlackClock "0:01:00.000"]
[ECO "C79"]
[PlyCount "120"]
[Result "0-1"]

1. e4 e5 2. Nf3 Nc6 3. Bb5 a6 4. Ba4 Nf6 5. O-O d6 6. d4 exd4 7. Bxc6+ bxc6 8. Qxd4 Be7 9. e5 dxe5 10. Qxd8+ Bxd8 11. Nxe5 Bb7 12. Nd3 O-O 13. Nc5 Rb8 14. Nd2 Be7 15. Ndb3 Ba8 16. Nxa6 Rbc8 17. Be3 Bb7 18. Bc5 Bxa6 19. Bxe7 Bxf1 20. Bxf8 Rxf8 21. Kxf1 Rd8 22. Ke2 Nd5 23. c3 Nf4+ 24. Kf3 g5 25. Nd4 c5 26. Nf5 Rd3+ 27. Kg4 f6 28. Ng3 Rd2 29. Re1 Rxb2 30. Re7 Rxa2 31. Nf5 Rxf2 32. Nh6+ Kf8 33. Rf7+ Ke8 34. g3 Ne6 35. Rxh7 Rxh2 36. Ng8 Rxh7 37. Nxf6+ Kf7 38. Nxh7 Kg6 39. Nxg5 Nxg5 40. Kf4 Ne6+ 41. Ke5 Nd8 42. Kd5 Kg5 43. Kxc5 Kg4 44. Kd5 Kxg3 45. Ke5 Kf3 46. Kf6 Ke4 47. Ke7 Kd3 48. Kd7 c5 49. Kxd8 c4 50. Kd7 Kxc3 51. Kd6 Kd3 52. Ke7 c3 53. Kd6 c2 54. Kd7 c1=Q 55. Ke7 Qc4 56. Kf6 Kd4 57. Kf5 Qd5+ 58. Kf4 Qe5+ 59. Kf3 Qe4+ 60. Kf2 Qe3+ {White forfeits on time} 0-1

[Event "FICS rated standard game"]
[Site "FICS freechess.org"]
[FICSGamesDBGameNo "20001624"]
[White "Talmaster"]
[Black "Chadly"]
[WhiteElo "1712"]
[BlackElo "1489"]
[WhiteRD "na"]
[BlackRD "na"]
[TimeControl "1800+10"]
[Date "1999.09.04"]
[Time "22:09:00"]
[WhiteClock "0:30:00.000"]
[BlackClock "0:30:00.000"]
[ECO "C41"]
[PlyCount "62"]
[Result "0-1"]

1. e4 e5 2. Nf3 d6 3. d4 exd4 4. Nxd4 Nf6 5. Nc3 Bd7 6. Bg5 Nc6 7. Nd5 Be7 8. Nxe7 Qxe7 9. Bc4 Qxe4+ 10. Be3 O-O 11. Bd3 Qxg2 12. Rf1 Rfe8 13. Ne2 Bg4 14. Qd2 Ne5 15. O-O-O b6 16. Nf4 Qb7 17. Rde1 c5 18. h3 Bf3 19. Rg1 d5 20. Ne2 c4 21. Bf5 b5 22. Bh6 g6 23. Qg5 Nfd7 24. Nf4 Qb6 25. Qh4 d4 26. Bg5 h5 27. Nxh5 Bxh5 28. Qxh5 gxh5 29. Bh6+ Ng6 30. Rxe8+ Rxe8 31. Bxd7 Rd8 {White resigns} 0-1

[Event "FICS rated blitz game"]
[Site "FICS freechess.org"]
[FICSGamesDBGameNo "20001623"]
[White "MarkG"]
[Black "falaleev"]
[WhiteElo "1776"]
[BlackElo "1617"]
[WhiteRD "na"]
[BlackRD "na"]
[TimeControl "120+2"]
[Date "1999.09.04"]
[Time "15:51:00"]
[WhiteClock "0:02:00.000"]
[BlackClock "0:02:00.000"]
[ECO "C18"]
[PlyCount "47"]
[Result "1-0"]

1. e4 e6 2. d4 d5 3. Nc3 Bb4 4. e5 c5 5. a3 Bxc3+ 6. bxc3 cxd4 7. cxd4 Ne7 8. Nf3 Nbc6 9. Bd3 Nf5 10. c3 O-O 11. O-O a5 12. a4 b6 13. Qc2 Qc7 14. Ba3 Rd8 15. Rfe1 Bd7 16. g4 Nh6 17. Bxh7+ Kh8 18. Ng5 Be8 19. Re3 g6 20. Rh3 Kg7 21. Qd2 Nxe5 22. Qf4 Rac8 23. dxe5 Qc4 24. Qf6# {Black checkmated} 1-0

[Event "FICS rated blitz game"]
[Site "FICS freechess.org"]
[FICSGamesDBGameNo "20001622"]
[White "chestmaster"]
[Black "noto"]
[WhiteElo "1339"]
[BlackElo "1441"]
[WhiteRD "na"]
[BlackRD "na"]
[TimeControl "300+12"]
[Date "1999.09.04"]
[Time "15:51:00"]
[WhiteClock "0:05:00.000"]
[BlackClock "0:05:00.000"]
[ECO "C55"]
[PlyCount "31"]
[Result "1/2-1/2"]

1. e4 e5 2. Bc4 Nf6 3. d4 exd4 4. Nf3 Nc6 5. e5 Bb4+ 6. c3 dxc3 7. bxc3 Qe7 8. O-O Nxe5 9. Nxe5 Qxe5 10. Re1 Ne4 11. Bxf7+ Kxf7 12. Qf3+ Qf6 13. Qxe4 d5 14. Qxb4 Be6 15. Qf4 Qxf4 16. Bxf4 {Game drawn by mutual agreement} 1/2-1/2

[Event "FICS rated blitz game"]
[Site "FICS freechess.org"]
[FICSGamesDBGameNo "20001620"]
[White "StormKiller"]
[Black "Paik"]
[WhiteElo "1335"]
[BlackElo "1262"]
[WhiteRD "na"]
[BlackRD "na"]
[TimeControl "840+0"]
[Date "1999.09.04"]
[Time "15:08:00"]
[WhiteClock "0:14:00.000"]
[BlackClock "0:14:00.000"]
[ECO "A45"]
[PlyCount "49"]
[Result "1-0"]

1. d4 Nf6 2. Bf4 g6 3. Qd2 Bg7 4. Nc3 d6 5. Bh6 Bxh6 6. Qxh6 Ng4 7. Qg7 Kd7 8. h3 Nxf2 9. Kxf2 Qf8 10. Qxf8 Rxf8 11. e3 Kd8 12. Nf3 Nc6 13. a3 Bf5 14. d5 Nb8 15. e4 Bd7 16. Nb5 a6 17. Nbd4 c5 18. Ne2 f5 19. Nc3 fxe4 20. Nxe4 Bf5 21. Ke3 Nd7 22. Bd3 Nb6 23. c4 Na4 24. b3 Nb2 25. Bc2 {Black resigns} 1-0

[Event "FICS rated lightning game"]
[Site "FICS freechess.org"]
[FICSGamesDBGameNo "20001619"]
[White "simonw"]
[Black "UncleBanana"]
[WhiteElo "1958"]
[BlackElo "1949"]
[WhiteRD "na"]
[BlackRD "na"]
[TimeControl "60+0"]
[Date "1999.09.04"]
[Time "14:42:00"]
[WhiteClock "0:01:00.000"]
[BlackClock "0:01:00.000"]
[ECO "A94"]
[PlyCount "81"]
[Result "1-0"]

1. d4 d5 2. c4 e6 3. Nf3 c6 4. g3 f5 5. Bg2 Bd6 6. O-O Nf6 7. b3 O-O 8. Ba3 Bxa3 9. Nxa3 Nbd7 10. Nc2 Ne4 11. Nce1 Nc3 12. Qc2 Ne4 13. Nd3 Rf6 14. Rac1 Rh6 15. Nfe5 Qe8 16. f3 Qh5 17. fxe4 Qxh2+ 18. Kf2 fxe4 19. Nf4 Nxe5 20. dxe5 Rg6 21. Qc3 Qh6 22. Rh1 Qg5 23. Nxg6 Qxg6 24. Rcf1 Bd7 25. Ke1 c5 26. Qe3 d4 27. Qxe4 Qxe4 28. Bxe4 Rb8 29. Bxh7+ Kh8 30. Bg6+ Kg8 31. Bf7+ Kf8 32. Rh8+ Ke7 33. Rxb8 b5 34. Rb7 a5 35. cxb5 Kd8 36. b6 Kc8 37. Rc7+ Kb8 38. Rxd7 a4 39. Bxe6 Kc8 40. Rc7+ Kd8 41. Rf8# {Black checkmated} 1-0

[Event "FICS rated blitz game"]
[Site "FICS freechess.org"]
[FICSGamesDBGameNo "20001618"]
[White "Wedberg"]
[Black "adal"]
[WhiteElo "1937"]
[BlackElo "1650"]
[WhiteRD "na"]
[BlackRD "na"]
[TimeControl "300+0"]
[Date "1999.09.04"]
[Time "14:34:00"]
[WhiteClock "0:05:00.000"]
[BlackClock "0:05:00.000"]
[ECO "E20"]
[PlyCount "43"]
[Result "1-0"]

1. Nf3 c5 2. c4 Nf6 3. d4 cxd4 4. Nxd4 e6 5. Nc3 Bb4 6. g3 O-O 7. Bg2 Nc6 8. O-O Qb6 9. Ndb5 a6 10. Be3 Qd8 11. Nd6 Bxc3 12. bxc3 Qc7 13. Rb1 Ne8 14. c5 Nxd6 15. cxd6 Qa5 16. Qb3 b5 17. c4 bxc4 18. Qxc4 Qe5 19. Bf4 Qa5 20. Bxc6 dxc6 21. Qxc6 Qd8 22. Qxa8 {Black resigns} 1-0

[Event "FICS rated blitz game"]
[Site "FICS freechess.org"]
[FICSGamesDBGameNo "20001617"]
[White "Ingvarrus"]
[Black "Styxx"]
[WhiteElo "1757"]
[BlackElo "1757"]
[WhiteRD "na"]
[BlackRD "na"]
[TimeControl "120+12"]
[Date "1999.09.04"]
[Time "13:46:00"]
[WhiteClock "0:02:00.000"]
[BlackClock "0:02:00.000"]
[ECO "B24"]
[PlyCount "54"]
[Result "1/2-1/2"]

1. e4 c5 2. Nc3 Nc6 3. g3 e6 4. Bg2 Nf6 5. d3 d5 6. exd5 exd5 7. Bg5 d4 8. Ne4 Be7 9. Bxf6 gxf6 10. Nf3 f5 11. Ned2 Be6 12. O-O O-O 13. Nc4 Bf6 14. Qd2 b5 15. Na3 Rb8 16. Rae1 Qd6 17. Ng5 Bd5 18. c4 Bxg2 19. Kxg2 b4 20. Nb5 Qd7 21. Qf4 a6 22. Nd6 Ne5 23. Nxf5 Ng6 24. Nh6+ Kg7 25. Nf5+ Kg8 26. Nh6+ Kg7 27. Nf5+ Kg8 {Game drawn by repetition} 1/2-1/2

[Event "FICS rated blitz game"]
[Site "FICS freechess.org"]
[FICSGamesDBGameNo "20001616"]
[White "Mishka"]
[Black "hight"]
[WhiteElo "1592"]
[BlackElo "1630"]
[WhiteRD "na"]
[BlackRD "na"]
[TimeControl "300+0"]
[Date "1999.09.04"]
[Time "13:46:00"]
[WhiteClock "0:05:00.000"]
[BlackClock "0:05:00.000"]
[ECO "C00"]
[PlyCount "114"]
[Result "0-1"]

1. e4 e6 2. Nf3 d5 3. Bb5+ c6 4. Bd3 Nf6 5. e5 Nfd7 6. O-O Qc7 7. Re1 c5 8. Bb5 Nc6 9. Bxc6 Qxc6 10. d4 Be7 11. c3 O-O 12. Be3 f6 13. a3 f5 14. Bg5 Bxg5 15. Nxg5 h6 16. Nf3 Nb6 17. dxc5 Qxc5 18. Qd4 Qc7 19. Qb4 Bd7 20. Nd4 a5 21. Qe7 Rae8 22. Qh4 Nc4 23. Re2 Nxe5 24. Qg3 f4 25. Qh3 Nc4 26. b3 Nb6 27. a4 e5 28. Nb5 Qc6 29. Qf3 e4 30. Qh5 Rf5 31. Nd4 Rxh5 32. Nxc6 Bxc6 33. Nd2 Rg5 34. b4 axb4 35. cxb4 f3 36. Re3 Rxg2+ 37. Kh1 Rxf2 38. Nb3 Nc4 39. Rc3 e3 40. Nd4 e2 41. Nxf3 Rf1+ 42. Ng1 Rxa1 43. b5 e1=Q 44. Rg3 Qxg1+ 45. Rxg1 Rxg1+ 46. Kxg1 Bd7 47. h4 Re2 48. Kf1 Ra2 49. a5 Nxa5 50. b6 Kf7 51. h5 Kf6 52. Ke1 Ke5 53. Kd1 Kd4 54. Kc1 Kc3 55. Kb1 Rh2 56. Ka1 Kb3 57. Kb1 Rh1# {White checkmated} 0-1

[Event "FICS rated blitz game"]
[Site "FICS freechess.org"]
[FICSGamesDBGameNo "20001615"]
[White "galisine"]
[Black "sickpup"]
[WhiteElo "1527"]
[BlackElo "1449"]
[WhiteRD "na"]
[BlackRD "na"]
[TimeControl "180+0"]
[Date "1999.09.04"]
[Time "11:20:00"]
[WhiteClock "0:03:00.000"]
[BlackClock "0:03:00.000"]
[ECO "C25"]
[PlyCount "100"]
[Result "0-1"]

1. e4 e5 2. Nc3 Nc6 3. g3 Bb4 4. Nge2 Nf6 5. Bg2 Nd4 6. a3 Ba5 7. b4 Bb6 8. Na4 Nxe2 9. Qxe2 Bd4 10. c3 Bb6 11. Nxb6 axb6 12. O-O O-O 13. d4 d6 14. Bg5 Be6 15. f4 c5 16. f5 Bd7 17. d5 h6 18. Be3 Rc8 19. b5 Qe8 20. c4 g6 21. g4 g5 22. h3 Kg7 23. Qd2 Nh7 24. h4 f6 25. hxg5 hxg5 26. Kf2 Rh8 27. Rh1 Nf8 28. Rxh8 Kxh8 29. Rh1+ Kg7 30. Rh5 Nh7 31. Qe1 Qe7 32. Qh1 Rh8 33. Bf3 Qf8 34. Bd2 Be8 35. a4 Bxh5 36. gxh5 Kf7 37. a5 bxa5 38. Bxa5 Qb8 39. Qa1 b6 40. Bd2 Qb7 41. Be2 Ra8 42. Qb2 Qc8 43. Ke3 Qf8 44. Kf3 Ra7 45. Kg4 Qa8 46. h6 Ra2 47. Qc3 Qa3 48. Qxa3 Rxa3 49. Bf1 Nf8 50. Kh5 Ra1 {White forfeits on time} 0-1

[Event "FICS rated lightning game"]
[Site "FICS freechess.org"]
[FICSGamesDBGameNo "20001613"]
[White "kingethree"]
[Black "ljal"]
[WhiteElo "1937"]
[BlackElo "1979"]
[WhiteRD "na"]
[BlackRD "na"]
[TimeControl "120+0"]
[Date "1999.09.04"]
[Time "09:00:00"]
[WhiteClock "0:02:00.000"]
[BlackClock "0:02:00.000"]
[ECO "C54"]
[PlyCount "90"]
[Result "0-1"]

1. e4 e5 2. Nf3 Nc6 3. Bc4 Bc5 4. c3 Nf6 5. d4 exd4 6. cxd4 Bb4+ 7. Nc3 d5 8. exd5 Nxd5 9. O-O Bxc3 10. bxc3 O-O 11. Qc2 Bg4 12. Ne5 Nxe5 13. dxe5 Nb6 14. Bd3 h6 15. f3 Be6 16. Rd1 Qe7 17. Be3 Rad8 18. Rd2 Rd7 19. Rad1 Rfd8 20. Bd4 c5 21. Bh7+ Kf8 22. Be3 Rxd2 23. Rxd2 Rxd2 24. Bxd2 Nc4 25. Bc1 Qc7 26. f4 Qd7 27. Bd3 Qd5 28. f5 Bd7 29. Bf4 Bc6 30. f6 Nxe5 31. fxg7+ Kxg7 32. Bxe5+ Qxe5 33. h3 Qe3+ 34. Kh1 Qxh3+ 35. Kg1 Qe3+ 36. Kh1 Qe5 37. Kg1 b6 38. Kh1 Bd5 39. Kg1 Qf4 40. Bf1 Bc4 41. Bxc4 Qxc4 42. Qf2 Qxc3 43. Qh4 Qd4+ 44. Kh2 Qxh4+ 45. Kg1 Qg3 {White resigns} 0-1

[Event "FICS rated blitz game"]
[Site "FICS freechess.org"]
[FICSGamesDBGameNo "20001612"]
[White "DavidAldi"]
[Black "tuttu"]
[WhiteElo "1595"]
[BlackElo "1773"]
[WhiteRD "na"]
[BlackRD "na"]
[TimeControl "300+0"]
[Date "1999.09.04"]
[Time "08:44:00"]
[WhiteClock "0:05:00.000"]
[BlackClock "0:05:00.000"]
[ECO "C58"]
[PlyCount "111"]
[Result "1-0"]

1. e4 e5 2. Nf3 Nc6 3. Bc4 Nf6 4. Ng5 d5 5. exd5 Na5 6. d3 Nxd5 7. Nxf7 Kxf7 8. Qf3+ Ke6 9. Nc3 Nxc4 10. dxc4 Nf6 11. O-O Bc5 12. Rd1 Qe7 13. Nd5 Qf7 14. Qh3+ Kd6 15. Nxf6+ Ke7 16. Nd5+ Kf8 17. Qf3 Qxf3 18. gxf3 c6 19. Nc7 Rb8 20. Rd8+ Kf7 21. Rxh8 Bf8 22. Rxh7 Bf5 23. Rh4 Rc8 24. f4 Bd6 25. fxe5 Bxe5 26. Bf4 Bxc7 27. Bxc7 Rxc7 28. Rf4 Kf6 29. Re1 Rd7 30. Re3 Rd2 31. Ref3 g6 32. b3 Rxc2 33. a4 a5 34. h4 Ke5 35. Rxf5+ gxf5 36. h5 Rd2 37. h6 Rd7 38. Rh3 Rh7 39. Kg2 Kf4 40. Rf3+ Kg4 41. Rg3+ Kf4 42. Rh3 b6 43. f3 Ke3 44. Kg3 f4+ 45. Kg4 c5 46. Kg5 Kd3 47. Kg6 Rh8 48. Kg7 Rxh6 49. Rxh6 Ke3 50. Rxb6 Kxf3 51. Rb5 Ke3 52. Rxa5 Kd4 53. Ra7 f3 54. Rf7 Ke3 55. a5 f2 56. a6 {Black resigns} 1-0

[Event "FICS rated blitz game"]
[Site "FICS freechess.org"]
[FICSGamesDBGameNo "20001611"]
[White "norbie"]
[Black "oceandeep"]
[WhiteElo "1798"]
[BlackElo "1828"]
[WhiteRD "na"]
[BlackRD "na"]
[TimeControl "180+0"]
[Date "1999.09.04"]
[Time "08:27:00"]
[WhiteClock "0:03:00.000"]
[BlackClock "0:03:00.000"]
[ECO "B45"]
[PlyCount "31"]
[Result "1-0"]

1. e4 c5 2. Nf3 e6 3. d4 cxd4 4. Nxd4 Nc6 5. Nc3 Bc5 6. Nb3 Bb4 7. Bd2 Nge7 8. Be2 Ng6 9. O-O O-O 10. f4 d6 11. f5 exf5 12. exf5 Nge5 13. f6 Qb6+ 14. Kh1 Re8 15. Nd5 Qd8 16. Nxb4 {Black resigns} 1-0

[Event "FICS rated blitz game"]
[Site "FICS freechess.org"]
[FICSGamesDBGameNo "20001610"]
[White "DGL"]
[Black "NickeJ"]
[WhiteElo "1690"]
[BlackElo "1685"]
[WhiteRD "na"]
[BlackRD "na"]
[TimeControl "180+0"]
[Date "1999.09.04"]
[Time "07:55:00"]
[WhiteClock "0:03:00.000"]
[BlackClock "0:03:00.000"]
[ECO "B02"]
[PlyCount "61"]
[Result "1-0"]

1. e4 d5 2. exd5 Nf6 3. Nc3 Nxd5 4. d4 Nxc3 5. bxc3 c5 6. Nf3 g6 7. h3 Bg7 8. Bc4 O-O 9. O-O Nc6 10. Bb2 cxd4 11. cxd4 Qc7 12. Bb3 Rd8 13. Rb1 Qf4 14. d5 Bxb2 15. Rxb2 Ne5 16. Nxe5 Qxe5 17. Rb1 Bf5 18. Qf3 Be4 19. Qe3 f5 20. f3 Rxd5 21. Bxd5+ Qxd5 22. fxe4 fxe4 23. Qf4 Rc8 24. Rbd1 Qc5+ 25. Kh1 Kg7 26. Qxe4 Qxc2 27. Qe5+ Kh6 28. Rd4 Rc4 29. Qf4+ Kg7 30. Rxc4 Qd3 31. Qf8# {Black checkmated} 1-0

[Event "FICS rated blitz game"]
[Site "FICS freechess.org"]
[FICSGamesDBGameNo "20001608"]
[White "lombard"]
[Black "Pedu"]
[WhiteElo "1661"]
[BlackElo "1666"]
[WhiteRD "na"]
[BlackRD "na"]
[TimeControl "180+0"]
[Date "1999.09.03"]
[Time "17:43:00"]
[WhiteClock "0:03:00.000"]
[BlackClock "0:03:00.000"]
[ECO "A40"]
[PlyCount "72"]
[Result "0-1"]

1. d4 e6 2. Nf3 d5 3. Bf4 c5 4. e3 Nc6 5. c3 cxd4 6. exd4 Qa5 7. Nbd2 Qb6 8. Qc2 Nf6 9. Bd3 Be7 10. O-O Bd7 11. Nb3 a5 12. Qe2 a4 13. Nbd2 Qxb2 14. Rfb1 Qxc3 15. Rxb7 Nxd4 16. Nxd4 Qxd4 17. Be3 Qxa1+ 18. Nf1 O-O 19. Qd2 Qe5 20. Bd4 Qd6 21. Bxf6 Bxf6 22. Qe3 Bc6 23. Rb6 Qd7 24. Qh3 g6 25. Ne3 Rfb8 26. Rxb8+ Rxb8 27. Ng4 Bg7 28. g3 Bb5 29. Bc2 Bc4 30. Nh6+ Bxh6 31. Qxh6 Bxa2 32. h4 Bb1 33. Bd1 a3 34. h5 a2 35. hxg6 hxg6 36. Qe3 a1=Q {White resigns} 0-1

[Event "FICS rated blitz game"]
[Site "FICS freechess.org"]
[FICSGamesDBGameNo "20001607"]
[White "facechess"]
[Black "Erdos"]
[WhiteElo "1903"]
[BlackElo "1887"]
[WhiteRD "na"]
[BlackRD "na"]
[TimeControl "120+8"]
[Date "1999.09.03"]
[Time "17:42:00"]
[WhiteClock "0:02:00.000"]
[BlackClock "0:02:00.000"]
[ECO "B50"]
[PlyCount "83"]
[Result "1-0"]

1. e4 c5 2. Nf3 d6 3. c4 Nc6 4. Nc3 Nf6 5. d3 e5 6. Be2 Be7 7. O-O Nd4 8. Nd5 Nxe2+ 9. Qxe2 Bg4 10. h3 Bh5 11. g4 Bg6 12. Be3 Nxd5 13. cxd5 O-O 14. Rac1 Qa5 15. b3 b5 16. Rc2 Qb6 17. b4 Rfc8 18. bxc5 dxc5 19. Nxe5 Bd6 20. Nxg6 hxg6 21. f4 Re8 22. Qf2 Rac8 23. e5 Bf8 24. d6 Bxd6 25. exd6 Qxd6 26. Bxc5 Qxd3 27. Rfc1 a6 28. Rc3 Qd5 29. Qd4 Qb7 30. Bd6 Rcd8 31. Rc6 Re6 32. Qc5 Re2 33. Rc2 Re1+ 34. Kf2 Re4 35. Be5 Rc4 36. Rxc4 bxc4 37. Qxc4 Rd2+ 38. Kg3 Qd7 39. Rc7 Rd3+ 40. Kh4 Qd8+ 41. g5 Rd7 42. Rc8 {Black resigns} 1-0

[Event "FICS rated blitz game"]
[Site "FICS freechess.org"]
[FICSGamesDBGameNo "20001606"]
[White "neelkanth"]
[Black "gassler"]
[WhiteElo "1208"]
[BlackElo "1222"]
[WhiteRD "na"]
[BlackRD "na"]
[TimeControl "300+12"]
[Date "1999.09.03"]
[Time "17:40:00"]
[WhiteClock "0:05:00.000"]
[BlackClock "0:05:00.000"]
[ECO "B52"]
[PlyCount "58"]
[Result "0-1"]

1. e4 c5 2. Nf3 d6 3. Bb5+ Bd7 4. Bxd7+ Nxd7 5. d3 Ngf6 6. Nc3 Ne5 7. Nxe5 dxe5 8. O-O e6 9. a3 a6 10. Be3 h5 11. Na4 b6 12. c4 Ng4 13. b4 Rc8 14. Nc3 Qh4 15. h3 g5 16. f3 Nxe3 17. Qa4+ Ke7 18. Qxa6 Rd8 19. Rfc1 Qg3 20. Ra2 g4 21. fxg4 hxg4 22. Qb7+ Rd7 23. Qxb6 gxh3 24. Qxc5+ Kf6 25. Rf2+ Kg7 26. Qxe3 Qxe3 27. Nd1 h2+ 28. Kh1 Qe1+ 29. Rf1 Qxf1# {White checkmated} 0-1

[Event "FICS rated blitz game"]
[Site "FICS freechess.org"]
[FICSGamesDBGameNo "20001605"]
[White "juo"]
[Black "Stratego"]
[WhiteElo "1770"]
[BlackElo "1700"]
[WhiteRD "na"]
[BlackRD "na"]
[TimeControl "300+0"]
[Date "1999.09.03"]
[Time "16:15:00"]
[WhiteClock "0:05:00.000"]
[BlackClock "0:05:00.000"]
[ECO "B13"]
[PlyCount "99"]
[Result "1-0"]

1. e4 c6 2. d4 d5 3. exd5 cxd5 4. Bd3 Nc6 5. c3 Nf6 6. Nf3 g6 7. O-O Bg7 8. Re1 O-O 9. Bg5 Bf5 10. Bxf5 gxf5 11. Nbd2 Ne4 12. Bf4 Kh8 13. Ne5 f6 14. Nxc6 bxc6 15. f3 Nxd2 16. Qxd2 Re8 17. Bh6 e5 18. Bxg7+ Kxg7 19. dxe5 fxe5 20. Qd3 Qf6 21. Re3 Re7 22. Rae1 Rae8 23. Qa6 c5 24. Qxf6+ Kxf6 25. Kf2 e4 26. g3 Rb7 27. R1e2 Reb8 28. fxe4 fxe4 29. b3 Ke5 30. c4 Rf7+ 31. Ke1 d4 32. Rxe4+ Kd6 33. Re6+ Kd7 34. R2e5 Rbf8 35. Ra6 Rf1+ 36. Ke2 R8f2+ 37. Kd3 Rf3+ 38. Ke2 d3+ 39. Kd2 R1f2+ 40. Kd1 Rf1+ 41. Kd2 R1f2+ 42. Kd1 Rf1+ 43. Kd2 R1f2+ 44. Kd1 Rf1+ 45. Re1 Rxe1+ 46. Kxe1 Kc7 47. Rxa7+ Kb6 48. Rxh7 Ka5 49. g4 Kb4 50. g5 {Black forfeits on time} 1-0

[Event "FICS rated lightning game"]
[Site "FICS freechess.org"]
[FICSGamesDBGameNo "20001603"]
[White "Krusher"]
[Black "donfelder"]
[WhiteElo "1751"]
[BlackElo "1700"]
[WhiteRD "na"]
[BlackRD "na"]
[TimeControl "120+0"]
[Date "1999.09.03"]
[Time "15:44:00"]
[WhiteClock "0:02:00.000"]
[BlackClock "0:02:00.000"]
[ECO "C15"]
[PlyCount "113"]
[Result "1-0"]

1. e4 e6 2. d4 d5 3. Nc3 Bb4 4. a3 Bxc3+ 5. bxc3 dxe4 6. Qg4 Qf6 7. Qxe4 Nc6 8. Nf3 Nge7 9. Bg5 Qg6 10. Bd3 Qxe4+ 11. Bxe4 h6 12. Bf4 g5 13. Bxc7 f5 14. Bd3 Kf7 15. Ne5+ Nxe5 16. Bxe5 Rd8 17. O-O Nd5 18. c4 Nb6 19. a4 Nd7 20. Bc7 Re8 21. Rab1 Nf6 22. Rfe1 b6 23. c5 bxc5 24. Bb5 Re7 25. Bd6 Rb7 26. Bc6 Rxb1 27. Rxb1 Ne4 28. dxc5 Nxd6 29. cxd6 Bb7 30. Rxb7+ Kf6 31. d7 Rd8 32. Rc7 Ke7 33. Rc8 f4 34. f3 e5 35. c4 h5 36. a5 a6 37. Kf2 g4 38. fxg4 hxg4 39. h3 gxh3 40. gxh3 Rxd7 41. Kf3 Rd3+ 42. Kg4 Rg3+ 43. Kh4 Rg1 44. Bd5 Kd6 45. Rc7 Kxc7 46. Kh5 Kd6 47. h4 Kc5 48. Be4 Kd4 49. Kh6 Kxe4 50. h5 Ke3 51. Kh7 Rh1 52. h6 Rxh6+ 53. Kxh6 f3 54. c5 f2 55. c6 f1=Q 56. c7 Qh3+ 57. Kg7 {Black forfeits on time} 1-0

[Event "FICS rated lightning game"]
[Site "FICS freechess.org"]
[FICSGamesDBGameNo "20001602"]
[White "Emil"]
[Black "Aleksey"]
[WhiteElo "1614"]
[BlackElo "1929"]
[WhiteRD "na"]
[BlackRD "na"]
[TimeControl "60+0"]
[Date "1999.09.03"]
[Time "15:28:00"]
[WhiteClock "0:01:00.000"]
[BlackClock "0:01:00.000"]
[ECO "A43"]
[PlyCount "74"]
[Result "0-1"]

1. d4 c5 2. c4 cxd4 3. Qxd4 Nc6 4. Qd1 Nf6 5. Nc3 g6 6. Nf3 Bg7 7. e3 O-O 8. Bd3 b6 9. O-O Bb7 10. Bd2 d6 11. Qc2 Nb4 12. Qb1 Nxd3 13. Qxd3 Rc8 14. b3 Ng4 15. Rac1 Qd7 16. Nd4 Ne5 17. Qe2 e6 18. Nf3 Nxf3+ 19. gxf3 Qe7 20. e4 Rfe8 21. Kh1 Qh4 22. Rg1 d5 23. Rg4 Qh5 24. cxd5 exd5 25. Rg5 Qh3 26. Rg3 Qd7 27. Qd3 Qc6 28. Nxd5 Qxc1+ 29. Bxc1 Rxc1+ 30. Kg2 Rd8 31. e5 Bxd5 32. Qd2 Rcc8 33. Rg4 Bxf3+ 34. Kxf3 Rxd2 35. Re4 Rcc2 36. Ke3 Rxf2 37. e6 Rce2+ {White forfeits on time} 0-1

[Event "FICS rated blitz game"]
[Site "FICS freechess.org"]
[FICSGamesDBGameNo "20001601"]
[White "damni"]
[Black "stagolee"]
[WhiteElo "1402"]
[BlackElo "1439"]
[WhiteRD "na"]
[BlackRD "na"]
[TimeControl "300+0"]
[Date "1999.09.03"]
[Time "15:19:00"]
[WhiteClock "0:05:00.000"]
[BlackClock "0:05:00.000"]
[ECO "B38"]
[PlyCount "68"]
[Result "0-1"]

1. e4 c5 2. c4 Nc6 3. Nf3 d6 4. Be2 g6 5. d4 cxd4 6. Nxd4 Bg7 7. Be3 Nf6 8. Nc3 a6 9. O-O O-O 10. Nd5 Nxe4 11. Bf3 Nc5 12. Rb1 e6 13. Nxc6 bxc6 14. Bxc5 cxd5 15. Ba3 Bb7 16. cxd5 Bxd5 17. Bxd5 exd5 18. Qxd5 Be5 19. Rfd1 Qh4 20. g3 Qg4 21. Bxd6 Bxd6 22. Qxd6 h5 23. Rd4 Qf5 24. Re1 Rfd8 25. Qf4 Qxf4 26. Rxf4 Rd2 27. Rb4 Rc8 28. Re7 Rd1+ 29. Kg2 a5 30. Rbb7 Rf8 31. Ra7 Rd5 32. Reb7 Re5 33. b4 axb4 34. Rxb4 Re2 {White forfeits on time} 0-1